Zazza, neutral female human Tourist # ------------ |..........| |..........| --------- |...........#########|......<| ------ --.--------- #.........## #.....-# ---------------- ## ---|----- #|....|########..`............| # ###### [|....+# |..............| # # )|....|# #...............| # ### o------# ###--|------------- # # d@D # # # -----+---------- ### # # # # |...........>..| # # # # # |..............| ## # # # ### |..............| -------|--# # # # |..............| |.......^.# ## # ## # # ---------------- |........| #-----# --|---------- |......(.| #.<..+# |...........| |........| |...|######............| ---------- ----- ------------- # Zazza the Rambler Experience level: 1 Strength: 14 Dexterity: 12 Constitution: 18 Intelligence: 10 Wisdom: 9 Charisma: 18 Health: 0(19) Energy: 2(2) Def: 1 Gold: 336 Moves: 4640 Dungeon seed: Nd8de0DL-QqvQ6Nl Game ID: Zazza_1619591431 Your Inventory: Coins $ - 336 gold pieces Amulets X - an uncursed amulet of reflection (being worn) Weapons a - 27 +2 darts (in quiver) o - a blessed +1 elven dagger (weapon in hand) B - a +1 aklys F - 14 poisoned +0 orcish arrows G - a +0 orcish bow H - a +0 orcish bow I - a +0 orcish bow J - a +1 orcish short sword M - a cursed -1 orcish short sword Armor e - an uncursed +0 Hawaiian shirt (being worn) n - a blessed +0 orcish cloak q - an uncursed +0 orcish helm y - an uncursed +0 orcish helm z - an uncursed +0 orcish helm (being worn) N - an uncursed +0 Uruk-hai shield O - an uncursed +0 orcish cloak P - an uncursed +0 orcish cloak Q - an uncursed +0 pair of iron shoes R - a cursed -1 pair of iron shoes Y - an uncursed +0 orcish cloak Comestibles b - 12 uncursed food rations f - an uncursed egg Scrolls h - an uncursed scroll of magic mapping Potions g - 2 uncursed potions of extra healing p - an uncursed potion of healing r - an uncursed potion of levitation t - a blessed potion of hallucination u - a blessed potion of blindness L - an uncursed potion of full healing V - an uncursed potion of sleeping Z - a potion of holy water Wands v - a wand of digging (0:5) D - a wand of magic missile (0:6) K - a wand of speed monster (0:4) Tools i - an expensive camera (0:68) j - an uncursed credit card C - an uncursed wax candle (0:400) E - an uncursed brass lantern (0:1206) Spells and supernatural/magical abilities: Name Level Category Fail Memory n - detect monsters 1 divination 58% 91% W - pray for help -- divine ? -- Your skills at the end: Fighting Skills Weapon Skills dart [Basic] Spellcasting Skills Final Attributes: You were nominally aligned. You were poison resistant. You were fast. You had reflection. You were lucky. You are dead. Vanquished creatures: a small mimic 5 leprechauns a bugbear a wood nymph 8 Uruk-hai a rock piercer a shrieker 3 gnome lords a gnomish wizard a kobold mummy a straw golem 2 giant ants a floating eye 2 kobold lords a kobold shaman a centipede a giant bat 3 dwarf zombies a werejackal 3 iguanas 2 acid blobs a coyote 4 hobbits 3 hobgoblins 2 giant rats 2 cave spiders a yellow mold 2 green molds 3 red molds 14 jackals 2 kobolds 3 goblins 9 grid bugs 7 lichens 2 kobold zombies 3 newts 99 creatures vanquished. Voluntary challenges: You used a wielded weapon 8 times, starting on turn 1504. You read items or engraved 10 times, starting on turn 38. You never genocided any monsters. You never polymorphed an object. You never changed form. You used no wishes. You never split a pudding. You wrote Elbereth's name 4 times, starting on turn 3165. You never violated your personal moral code. Dungeon overview: The Dungeons of Doom: levels 1 to 9 Level 1 a long staircase Level 2 Level 3 stairs to The Gnomish Mines Level 4 a scroll shop, a fountain Level 5 Level 6 a fountain, a throne Level 7 Level 8 many fountains Level 9 <- You were here stairs to Sokoban The Gnomish Mines: Level 4 stairs to The Dungeons of Doom Sokoban: Level 8 stairs to The Dungeons of Doom History has recorded: On T:1 you entered the Dungeons of Doom to retrieve the Amulet of Yendor! On T:37 you reached level 2 of The Dungeons of Doom. On T:642 you reached level 3 of The Dungeons of Doom. On T:1014 you reached level 1 of The Gnomish Mines. On T:1179 you reached level 4 of The Dungeons of Doom. On T:1489 you reached level 5 of The Dungeons of Doom. On T:1710 you reached level 6 of The Dungeons of Doom. On T:2863 you reached level 7 of The Dungeons of Doom. On T:3103 you reached level 8 of The Dungeons of Doom. On T:3981 you reached level 9 of The Dungeons of Doom. On T:4332 you reached level 4 of Sokoban. Score breakdown: Gold: 0 ( 0 points) Experience: 1 level ( 0 points) Exploration: 9 levels ( 17.65%) (12000 points) Discoveries: 8 items ( 2.68%) ( 4915 points) Valuables value: (no points given unless you survive) Artifact value: 0 ( 0 points) Variety of kills: 36 monsters ( 9.45%) ( 9221 points) Turncount: 4640 turns (-1244 points) Survival: died (score multiplied by 80%) Total score: 19913 Latest messages: y - an iron skull cap. N - a white-handed shield. Armand moves only reluctantly. Armand picks up an iron skull cap. There are several objects here. H - a crude bow. I - a crude bow. You have a little trouble lifting J - a crude short sword. You have a little trouble lifting M - a crude short sword. You have a little trouble lifting F - 5 poisoned crude arrows. You have a little trouble lifting Y - a coarse mantelet. You have a little trouble lifting O - a coarse mantelet. You have a little trouble lifting P - a coarse mantelet. You have a little trouble lifting Q - a pair of hard shoes. You have a little trouble lifting R - a pair of hard shoes. Your movements are slowed slightly because of your load. The little dog drops 9 poisoned crude arrows. You displace your little dog. You have a little trouble lifting $ - 25 gold pieces. There are a few more objects here. You displace your little dog. The Uruk-hai hits! You die... Final status: Aloha Zazza the Tourist, killed by an Uruk-hai... You died in The Dungeons of Doom on dungeon level 9 with 19913 points, and 336 pieces of gold, after 4640 moves. You were level 1 with a maximum of 19 hit points when you died.